 Dungeon Crawl Stone Soup version 0.29.0-4-gdea44cf6ec (webtiles) character file.

Game seed: 11310131585619847222

222 k13m the Caller (level 6, -1/39 (43) HPs)
             Began as a Human Summoner on Aug 26, 2022.
             Slain by a wight
             ... wielding a +2 flail of protection
              (8 damage)
             ... on level 6 of the Dungeon on Aug 27, 2022.
             The game lasted 00:51:53 (2970 turns).

k13m the Caller (Human Summoner)                    Turns: 2970, Time: 00:51:55

HP:   -1/39 (43)    AC:  5    Str: 14    XL:     6   Next: 19%
MP:   8/9           EV: 11    Int: 18    God:
Gold: 154           SH:  0    Dex: 19    Spells: 6/9 levels left

rFire   . . .      SeeInvis .   h - +0 war axe
rCold   . . .      Faith    .   (no shield)
rNeg    . . .      Spirit   .   f - +0 ring mail
rPois   .          Reflect  .   (no helmet)
rElec   .          Harm     .   (no cloak)
rCorr   .          Rampage  .   (no gloves)
Will    .....                   (no boots)
Stlth   ++........              n - amulet of regeneration
HPRegen 0.93/turn               c - +6 ring of strength
MPRegen 0.11/turn               m - +6 ring of dexterity

@: drained
A: no striking features
a: no special abilities


You were on level 6 of the Dungeon.
You visited 1 branch of the dungeon, and saw 5 of its levels.

You collected 182 gold pieces.
You spent 28 gold pieces at shops.

Inventory:

Hand Weapons
 h - a +0 war axe (weapon)
Missiles
 g - 6 poisoned darts (quivered)
Armour
 f - a +0 ring mail (worn)
Jewellery
 a - a ring of protection from cold
 c - a +6 ring of strength (left hand)
 m - a +6 ring of dexterity (right hand)
 n - an amulet of regeneration (around neck)
Scrolls
 p - a scroll of identify
Potions
 b - a potion of magic
 d - 2 potions of flight
 e - 2 potions of curing


   Skills:
 + Level 1.0 Fighting
 + Level 3.0(3.1) Axes
 + Level 0.6(2.0) Maces & Flails
 + Level 0.3 Throwing
 + Level 1.7 Armour
 + Level 2.5 Dodging
 + Level 2.5 Stealth
 + Level 0.2 Unarmed Combat
 + Level 2.4 Spellcasting
 + Level 4.5 Summonings


You had 6 spell levels left.
You knew the following spells:

 Your Spells              Type           Power      Damage    Failure   Level
a - Summon Small Mammal   Summ           72%        N/A       5%          1
b - Call Imp              Summ           18%        N/A       8%          2

Your spell library contained the following spells:

 Spells                   Type           Power      Damage    Failure   Level
 Call Canine Familiar     Summ           18%        N/A       16%         3
 Summon Guardian Golem    Hex/Summ       10%        N/A       38%         3
 Summon Lightning Spire   Summ/Air       10%        N/A       80%         4


Dungeon Overview and Level Annotations

Branches:
Dungeon (6/15)
 Temple: D:4-7

Altars:
Ashenzari
Okawaru
Wu Jian

Shops:
D:4 *?


Message History

Some deep water.
A sourceless malevolence fills the Dungeon...
You fall into a shaft and drop 2 floors!
The shaft crumbles and collapses.
Found two stone staircases leading up.
A wight comes into view. It is wielding a +3 spear.
Welcome back, k13m the Human Summoner.
Press ? for a list of commands and other information.
Found 12 gold pieces and a scroll of teleportation. 2 wights come into view.
A wight is wielding a +2 flail of protection.
Cast which spell? (? or * to list)
You don't know that spell.
Cast which spell? (? or * to list)
A metallic apparition takes form in the air.
The wight hits your iron imp but does no damage.
The wight hits you from afar with a +3 spear.
You feel drained.
Your iron imp barely misses the wight.
The wight hits you with a +3 spear.
You feel drained.
You hit the wight.
The wight is moderately damaged.
You barely miss the wight.
Your iron imp closely misses the wight.
The wight hits you with a +3 spear! The wight barely misses you.
You closely miss the wight.
The wight is moderately damaged.
You closely miss the wight. You hit the wight but do no damage.
The wight hits you with a +3 spear!
The wight hits you with a +2 flail of protection.
You feel drained. The wight hits you with a +0 mace!
* * * LOW HITPOINT WARNING * * *
You feel drained.
* * * LOW HITPOINT WARNING * * *
You completely miss the wight.
The wight is moderately damaged.
You closely miss the wight. You hit the wight but do no damage.
The wight misses you.
Your iron imp hits the wight.
The wight hits you with a +3 spear.
* * * LOW HITPOINT WARNING * * *
The wight hits you with a +2 flail of protection!
You die...

... ...# ###
... ##..##.. #.
###.?.... .
##....... .
#.......###.# #
#.......z#.#.#.
#.#.#..@z......
##...z5.....
##.....#..#.#
#..<.<.......
##.....#......
#....#........
#....#.....##.
#..###.....#
#.... ###.#.#


You could see 3 wights and a friendly iron imp (summoned).

Vanquished Creatures
  2 orc priests
  An orc wizard (D:4)
  2 adders
  A worm (D:3)
  A dart slug (D:2)
  5 orcs
  3 bats
  10 endoplasms
  4 giant cockroaches
  5 goblins
  4 hobgoblins (D:3)
  2 quokkas
  6 ball pythons
  A frilled lizard (D:1)
  6 kobolds
  2 rats (D:1)
55 creatures vanquished.

Vanquished Creatures (collateral kills)
  An orc wizard (D:4)
  An adder (D:4)
  A dart slug (D:1)
  3 orcs
  2 ball pythons (D:1)
  A hobgoblin (D:1)
  A kobold (D:1)
  2 frilled lizards (D:1)
  A rat (D:1)
13 creatures vanquished.

Grand Total: 68 creatures vanquished

Notes
Turn   | Place    | Note
-------+----------+-------------------------------------------
     0 | D:1      | k13m the Human Summoner began the quest for the Orb.
     0 | D:1      | Reached XP level 1. HP: 13/13 MP: 3/3
    93 | D:1      | Reached XP level 2. HP: 9/19 MP: 5/5
    97 | D:1      | Learned a level 2 spell: Call Imp
   334 | D:1      | Found a faded altar of an unknown god.
   613 | D:1      | Reached XP level 3. HP: 23/24 MP: 3/6
  1611 | D:3      | Found an iron altar of Okawaru.
  1611 | D:3      | Found a broken altar of Ashenzari.
  1751 | D:3      | Reached XP level 4. HP: 29/30 MP: 7/7
  2101 | D:3      | Reached skill level 1 in Armour
  2143 | D:3      | Reached skill level 1 in Axes
  2150 | D:3      | Reached XP level 5. HP: 29/35 MP: 8/8
  2251 | D:4      | Found Koghav Ceda's Magic Scroll Boutique.
  2388 | D:4      | Bought a scroll of identify for 28 gold pieces
  2649 | D:4      | Reached skill level 1 in Fighting
  2649 | D:4      | Reached XP level 6. HP: 31/43 MP: 6/9
  2811 | D:4      | Found Ugodineul's Fire Supplies.
  2865 | D:4      | Found an ornate altar of the Wu Jian Council.
  2956 | D:4      | You fall into a shaft and drop 2 floors!
  2970 | D:6      | Slain by a wight

Illustrated notes

Levels and vault maps discovered:
D:1:      saegor_arrival_miasma, layout_basic,
          hellmonk_ecumenical_altar_arch_garden
D:2:      layout_loops_corners, basic_altar
D:3:      layout_loops_corners, mainiacjoe_overflow_divided_tiny
D:4:      cheibrodos_pilgrimage, layout_loops_ring, nzn_wu_jian_contemplation,
          nicolae_shop_fire_sale [nicolae_sub_dead_trees],
          nicolae_stop_n_shop_2, minmay_misc_feat_secret_circle,
          kennysheep_cross_room
D:6:      layout_cave_pools, minmay_temple_entry_grid

Skill      XL: |  1  2  3  4  5  6 |
---------------+-------------------+-----
Armour         | 1 |  1.7
Axes           | 1 2 3 |  3.0
Fighting       | 1 |  1.0
Maces & Flails | |  0.6
Throwing       | |  0.3
Dodging        | |  2.5
Stealth        | |  2.5
Unarmed Combat | |  0.2
Spellcasting   | |  2.4
Summonings     | |  4.5

Action                   |  1- 3 |  4- 6 || total
-------------------------+-------+-------++-------
Melee: Unarmed           |    15 |       ||    15
       Club              |    38 |       ||    38
       Hand axe          |    52 |   100 ||   152
       War axe           |       |    24 ||    24
Throw: Dart              |     4 |     3 ||     7
 Cast: Summon Small Mamm |     6 |       ||     6
       Call Imp          |     4 |     6 ||    10
  Use: Scroll            |     6 |     2 ||     8
       Potion            |       |     3 ||     3
 Stab: Sleeping          |     4 |     2 ||     6
Armor: Robe              |     1 |       ||     1
       Chain mail        |    26 |       ||    26
       Ring mail         |    17 |    52 ||    69
Dodge: Dodged            |    52 |    65 ||   117
